 Dungeon Sprint DCSS version 0.27-a0-1332-g84bddb5ca7 (webtiles) character file.

Game seed: 12374796093406989832

24261 rocky1 the Fencer (level 13, -10/111 HPs)
             Began as a Formicid Fighter on June 24, 2021.
             Was the Champion of Cheibriados.
             Mangled by a stone giant simulacrum (30 damage)
             ... animated by a necromancer
             ... in the Dungeon (Sprint IX: "|||||||||||||||||||||||||||||") on June 26, 2021.
             The game lasted 00:20:44 (2639 turns).

rocky1 the Fencer (Formicid Fighter)                Turns: 2639, Time: 00:20:47

Health: -10/111    AC: 22    Str: 41    XL:     13   Next: 41%
Magic:  22/22      EV: 20    Int: 26    God:    Cheibriados [******]
Gold:   131        SH: 17    Dex: 25    Spells: 12/12 levels left

rFire    + . .     SeeInvis +   D - +5 great sword (vorpal)
rCold    . . .     Faith    .   c - +0 kite shield
rNeg     . . .     Spirit   .   h - +2 plate armour {rF+}
rPois    .         Reflect  .   (helmet unavailable)
rElec    .         Harm     .   F - +1 cloak
rCorr    .         Rampage  .   (no gloves)
Will     +....                  t - +0 pair of boots
Stlth    ..........             (no amulet)
HPRegen  0.28/turn              o - +2 ring of evasion
MPRegen  0.18/turn              p - +3 ring of intelligence

@: mighty, very slow
A: permanent stasis, dig shafts and tunnels, antennae 3, four strong arms
a: Dig, Renounce Religion, Bend Time, Temporal Distortion, Slouch, Step From
Time


You were in the Dungeon.
You worshipped Cheibriados.
Cheibriados was exalted by your worship.
You visited 1 branch You collected 1947 gold pieces.
You spent 1816 gold pieces at shops.

Inventory:

Hand Weapons
 m - a +2 scimitar of protection
 z - a +3 scimitar of flaming
 D - a +5 vorpal great sword (weapon)
 E - a +1 vampiric demon whip
Missiles
 b - a throwing net
Armour
 a - a +0 cloak
 c - a +0 kite shield (worn)
 h - a +2 plate armour of fire resistance (worn)
 t - a +0 pair of boots (worn)
 x - a +3 scale mail of willpower
 F - a +1 cloak (worn)
Jewellery
 o - a +2 ring of evasion (left hand)
 p - a +3 ring of intelligence (right hand)
 A - a ring of protection from fire
 B - a ring of fire
 C - a ring of protection from cold
Wands
 k - a wand of iceblast (17)
 y - a wand of charming (11)
Scrolls
 f - 3 scrolls of fear
 j - 2 scrolls of amnesia
 q - 4 scrolls of identify
 r - 8 scrolls of enchant weapon
 s - 4 scrolls of enchant armour
 u - a scroll of fog
 v - a scroll of magic mapping {unknown}
Potions
 d - 3 potions of mutation
 e - 12 potions of curing
 g - 3 potions of magic
 i - 3 potions of invisibility
 l - a potion of cancellation
 n - 3 potions of heal wounds
 w - a potion of might


   Skills:
 - Level 13.1 Fighting
 + Level 20.4 Long Blades
 - Level 12.9 Armour
 - Level 10.8 Dodging
 - Level 15.2 Shields
 - Level 12.3 Invocations


You had 12 spell levels left.
You didn't know any spells.
Your spell library was empty.

Dungeon Overview and Level Annotations

Branches:
Dungeon (1/1)

Altars:
Cheibriados
Dithmenos
Elyvilon
Fedhas
Gozag
Hepliaklqana
Kikubaaqudgha
Makhleb
Nemelex Xobeh
Okawaru
Qazlal
Ru
Sif Muna
Trog
Uskayaw
Vehumet
Wu Jian
Xom
Yredelemnul
Zin
The Shining One
Beogh
Jiyva
Lugonu

Shops:
D !?*=


Innate Abilities, Weirdness & Mutations

You cannot be hasted, slowed, berserked, paralysed or teleported.
You can dig through walls and to a lower floor.
You have a pair of large antennae on your head. (SInv)
Your four strong arms can wield two-handed weapons with a shield.


Message History

The terrible wounds on your body vanish.
You slash the white ugly thing!
The white ugly thing is moderately wounded.
The necromancer gestures wildly while chanting.
The necromancer binds the souls of nearby monsters.
The white ugly thing completely misses you.
You riposte.
You slice the white ugly thing!!
The white ugly thing is almost dead.
You barely miss the white ugly thing.
The white ugly thing is almost dead.
You carve the white ugly thing like a ham!!!
You kill the white ugly thing!
Cheibriados appreciates the change of pace.
A freezing mist starts to gather...
An ugly thing simulacrum comes into view.
Your Long Blades skill increases to level 20!
You slice the stone giant!!
The stone giant is moderately wounded.
The stone giant barely misses you.
You slice the ugly thing simulacrum!!
The ugly thing simulacrum is almost destroyed.
You block the ugly thing simulacrum's attack.
You block the stone giant's attack.
You slice the stone giant!!
The stone giant is severely wounded.
You slice the stone giant!!
You kill the stone giant!
Cheibriados thoroughly appreciates the change of pace.
A freezing mist starts to gather...
A stone giant simulacrum comes into view.
The ugly thing simulacrum completely misses you.
You slash the stone giant simulacrum!
The stone giant simulacrum is moderately damaged.
You barely miss the ugly thing simulacrum.
The ugly thing simulacrum is almost destroyed.
You block the ugly thing simulacrum's attack.
The stone giant simulacrum hits you!
* * * LOW HITPOINT WARNING * * *
The stone giant simulacrum freezes you!!
You die...

▓_▓.▓.▓.▓.▓.▓†▓
{
▓_▓.▓.▓.▓.▓.▓.▓
{
▓_▓.▓.▓.▓'▓.▓)▓
{
▓'▓.▓†▓.▓)▓.▓(▓
{
▓.▓.▓.▓)▓)▓.▓)▓
{
▓?▓.▓†▓.▓)▓.▓.▓
{
▓)▓.▓.▓)▓)▓.▓.▓
{ {
▓.▓.▓.▓.▓)▓.▓Z▓
{
▓[▓.▓.▓.▓∩▓.▓@▓
{ {
▓.▓.▓.▓.▓.▓.▓Z▓
{ {
▓)▓.▓.▓.▓∩▓.▓G▓
{ {
▓.▓.▓.▓.▓)▓.▓p▓
{ {
▓.▓.▓[▓.▓∩▓.▓.▓
{ {
▓'▓.▓.▓.▓)▓.▓.▓
{
▓.▓.▓)▓)▓∩▓.▓.▓
{
▓.▓.▓(▓.▓.▓.▓.▓
{ ▓.▓.▓'▓.▓.▓.▓
{


You could see a great orb of eyes, a necromancer, an ugly thing simulacrum and a
stone giant simulacrum.

Vanquished Creatures
  A stone giant (D)
  2 hydras (D)
  4 boulder beetles (D)
  Harold (D)
  4 ogre magi (D)
  A centaur warrior (D)
  Erica (D)
  A catoblepas (D)
  5 two-headed ogres (D)
  An orc high priest (D)
  An orc knight (D)
  A flayed ghost (D)
  A wizard (D)
  An ugly thing (D)
  An orc sorcerer (D)
  A cyclops (D)
  2 manticores (D)
  Maurice (D)
  6 cane toads (D)
  A troll (D)
  A polar bear (D)
  A meliai (D)
  A blink frog (D)
  A slime creature (D)
  A wyvern (D)
  A yak (D)
  2 shadows (D)
  Eustachio (D)
  2 basilisks (D)
  A vampire mosquito (D)
  2 wargs (D)
  4 water moccasins (D)
  2 hell hounds (D)
  9 orc warriors (D)
  4 ogres (D)
  4 wolves (D)
  A bullfrog (D)
  A killer bee (D)
  A hound (D)
  3 orc priests (D)
  An iguana (D)
  6 orc wizards (D)
  An adder skeleton (D)
  7 orcs (D)
  2 endoplasms (D)
  A goblin (D)
  A jackal (D)
  A frilled lizard (D)
  A giant cockroach zombie (D)
101 creatures vanquished.

Vanquished Creatures (others)
  An unseen horror (D)
1 creature vanquished.

Grand Total: 102 creatures vanquished

Notes
Turn   | Place    | Note
-------+----------+-------------------------------------------
     0 | D        | rocky1 the Formicid Fighter began the quest for the Orb.
     0 | D        | Reached XP level 1. HP: 18/18 MP: 1/1
    15 | D        | Reached skill level 3 in Long Blades
    24 | D        | Reached XP level 2. HP: 6/24 MP: 2/2
   242 | D        | Upgraded the game from 0.27-a0-1324-ge0d8e047f6 to
                  | 0.27-a0-1332-g84bddb5ca7
   258 | D        | Reached skill level 4 in Long Blades
   258 | D        | Reached XP level 3. HP: 24/29 MP: 3/3
   265 | D        | Reached skill level 5 in Long Blades
   265 | D        | Reached XP level 4. HP: 30/35 MP: 4/4
   532 | D        | Found a snail-covered altar of Cheibriados.
   532 | D        | Found a shadowy altar of Dithmenos.
   532 | D        | Found a white marble altar of Elyvilon.
   532 | D        | Found a blossoming altar of Fedhas.
   532 | D        | Found an opulent altar of Gozag.
   533 | D        | Found a hazy altar of Hepliaklqana.
   534 | D        | Found a viscous altar of Jiyva.
   535 | D        | Found an ancient bone altar of Kikubaaqudgha.
   536 | D        | Became a worshipper of Cheibriados the Contemplative
   537 | D        | Found a corrupted altar of Lugonu.
   538 | D        | Found a burning altar of Makhleb.
   539 | D        | Found a sparkling altar of Nemelex Xobeh.
   540 | D        | Found an iron altar of Okawaru.
   541 | D        | Found a stormy altar of Qazlal.
   542 | D        | Found a sacrificial altar of Ru.
   543 | D        | Found a shimmering blue altar of Sif Muna.
   544 | D        | Found a bloodstained altar of Trog.
   545 | D        | Found a hide-covered altar of Uskayaw.
   546 | D        | Found a radiant altar of Vehumet.
   547 | D        | Found an ornate altar of the Wu Jian Council.
   548 | D        | Found a shimmering altar of Xom.
   549 | D        | Found a basalt altar of Yredelemnul.
   550 | D        | Found a glowing silver altar of Zin.
   551 | D        | Found a glowing golden altar of the Shining One.
   667 | D        | Got the +2 rapier "Newtbane" {vorpal, Int+4}
   799 | D        | Noticed a wyvern
   799 | D        | Noticed an orc warrior
   799 | D        | Noticed a shadow
   799 | D        | Noticed a shadow
   807 | D        | Reached skill level 6 in Long Blades
   807 | D        | Reached skill level 1 in Dodging
   807 | D        | Reached XP level 5. HP: 39/42 MP: 4/6
   811 | D        | Killed a wyvern
   811 | D        | Reached * piety under Cheibriados
   812 | D        | Reached skill level 5 in Fighting
   812 | D        | Reached skill level 7 in Long Blades
   812 | D        | Reached skill level 5 in Armour
   812 | D        | Reached XP level 6. HP: 19/51 MP: 4/9
   827 | D        | Killed an orc warrior
   828 | D        | Reached skill level 5 in Invocations
   828 | D        | Reached XP level 7. HP: 16/57 MP: 6/11
   835 | D        | Killed a shadow
   835 | D        | Reached ** piety under Cheibriados
   844 | D        | Killed a shadow
   845 | D        | Reached skill level 8 in Long Blades
   845 | D        | Reached skill level 5 in Dodging
   845 | D        | Reached skill level 10 in Shields
   895 | D        | Noticed a catoblepas
   895 | D        | Noticed a troll
   895 | D        | Noticed an unseen horror
   895 | D        | Noticed a manticore
   895 | D        | Noticed a boulder beetle
   895 | D        | Noticed a manticore
   900 | D        | Killed a catoblepas
   900 | D        | Reached *** piety under Cheibriados
   901 | D        | Reached skill level 9 in Long Blades
   901 | D        | Reached XP level 8. HP: 56/68 MP: 11/14
   903 | D        | Killed a troll
   904 | D        | Reached XP level 9. HP: 48/75 MP: 11/15
   906 | D        | Killed an unseen horror
   923 | D        | Killed a manticore
   926 | D        | Killed a manticore
   926 | D        | Reached **** piety under Cheibriados
   932 | D        | Killed a boulder beetle
   933 | D        | Reached skill level 10 in Long Blades
   933 | D        | Reached skill level 10 in Invocations
   933 | D        | Reached XP level 10. HP: 13/85 MP: 15/17
  1367 | D        | Noticed a cane toad
  1367 | D        | Noticed a seven-headed hydra
  1367 | D        | Noticed a cane toad
  1369 | D        | Noticed a four-headed hydra
  1370 | D        | Noticed a cane toad
  1374 | D        | Reached skill level 10 in Fighting
  1374 | D        | Killed a cane toad
  1374 | D        | Killed a cane toad
  1374 | D        | Killed a cane toad
  1374 | D        | Reached ***** piety under Cheibriados
  1375 | D        | Reached skill level 10 in Armour
  1377 | D        | Killed a ten-headed hydra
  1377 | D        | Killed a four-headed hydra
  1378 | D        | Reached skill level 11 in Long Blades
  1378 | D        | Reached XP level 11. HP: 36/93 MP: 13/19
  1705 | D        | Reached ****** piety under Cheibriados
  1827 | D        | Reached skill level 12 in Long Blades
  1886 | D        | Noticed Harold
  1898 | D        | Killed Harold
  1899 | D        | Reached skill level 10 in Dodging
  1913 | D        | Noticed Maurice
  1915 | D        | Noticed Eustachio
  1919 | D        | Killed Maurice
  1929 | D        | Killed Eustachio
  2074 | D        | Noticed an orc sorcerer
  2079 | D        | Noticed an orc knight
  2082 | D        | Killed an orc sorcerer
  2084 | D        | Noticed an orc high priest
  2086 | D        | Reached skill level 15 in Shields
  2088 | D        | Killed an orc knight
  2089 | D        | Reached XP level 12. HP: 62/103 MP: 5/21
  2090 | D        | Killed an orc high priest
  2256 | D        | Found Oriutat's Distillery.
  2256 | D        | Noticed an ogre mage
  2256 | D        | Noticed a two-headed ogre
  2256 | D        | Noticed a two-headed ogre
  2261 | D        | Killed an ogre mage
  2262 | D        | Reached skill level 13 in Long Blades
  2266 | D        | Killed a two-headed ogre
  2267 | D        | Reached skill level 14 in Long Blades
  2269 | D        | Noticed a two-headed ogre
  2271 | D        | Found Heojan's Magic Scroll Shoppe.
  2276 | D        | Killed a two-headed ogre
  2282 | D        | Killed a two-headed ogre
  2283 | D        | Reached skill level 15 in Long Blades
  2284 | D        | Found Giaxziun's Assorted Antiques.
  2294 | D        | Found Jiclah's Jewellery Shoppe.
  2296 | D        | Noticed an ogre mage
  2297 | D        | Noticed an ogre mage
  2298 | D        | Noticed an ogre mage
  2303 | D        | Noticed a two-headed ogre
  2306 | D        | Killed an ogre mage
  2307 | D        | Noticed a two-headed ogre
  2308 | D        | Killed an ogre mage
  2309 | D        | Reached skill level 16 in Long Blades
  2312 | D        | Killed an ogre mage
  2316 | D        | Killed a two-headed ogre
  2317 | D        | Reached skill level 17 in Long Blades
  2320 | D        | Killed a two-headed ogre
  2376 | D        | Bought a potion of cancellation for 104 gold pieces
  2376 | D        | Bought a potion of heal wounds for 65 gold pieces
  2376 | D        | Bought a potion of curing for 39 gold pieces
  2376 | D        | Bought a potion of invisibility for 104 gold pieces
  2376 | D        | Bought a potion of heal wounds for 65 gold pieces
  2376 | D        | Bought a potion of curing for 39 gold pieces
  2376 | D        | Bought 2 potions of mutation for 208 gold pieces
  2378 | D        | Bought a scroll of enchant weapon for 105 gold pieces
  2378 | D        | Bought a scroll of enchant armour for 105 gold pieces
  2378 | D        | Bought a scroll of fog for 28 gold pieces
  2378 | D        | Bought a scroll of enchant armour for 105 gold pieces
  2378 | D        | Bought 3 scrolls of enchant weapon for 315 gold pieces
  2378 | D        | Bought a scroll of enchant weapon for 105 gold pieces
  2380 | D        | Bought a scroll labelled QECIKK PEMIESE for 22 gold pieces
  2380 | D        | Bought a scroll of enchant weapon for 165 gold pieces
  2380 | D        | Bought a potion of might for 88 gold pieces
  2384 | D        | Bought a runed scale mail for 154 gold pieces
  2433 | D        | Noticed Erica
  2445 | D        | Killed Erica
  2585 | D        | Noticed a boulder beetle
  2585 | D        | Noticed a boulder beetle
  2585 | D        | Noticed a boulder beetle
  2588 | D        | Noticed a centaur warrior
  2589 | D        | Killed a boulder beetle
  2590 | D        | Reached skill level 18 in Long Blades
  2590 | D        | Reached XP level 13. HP: 88/111 MP: 22/22
  2597 | D        | Killed a boulder beetle
  2606 | D        | Killed a boulder beetle
  2607 | D        | Reached skill level 19 in Long Blades
  2613 | D        | Killed a centaur warrior
  2623 | D        | Noticed a stone giant
  2624 | D        | Noticed a great orb of eyes
  2634 | D        | Reached skill level 20 in Long Blades
  2637 | D        | Killed a stone giant
  2639 | D        | Mangled by a stone giant simulacrum

Illustrated notes

Levels and vault maps discovered:
D:        linesprint [early_d, line_temple, items_1, d_10, items_2, lair_1,
          lair_end, items_3, orc_1, orc_end, items_4, d_15, swamp_1, shoals_1,
          snake_1, spider_1, d_20, vaults_1, items_5, swamp_end, shoals_end,
          snake_end, spider_end, vaults_end, d_27, items_6, zot_1, zot_end,
          crypt_end, forest_end, elf_end, slime_end, tomb_end, abyss_end,
          pan_hell_end]

Skill      XL: |  1  2  3  4  5  6  7  8  9 10 11 12 13 |
---------------+----------------------------------------+-----
Shields        | 4 6 7 8 9 11 12 13 15 | 15.2
Long Blades    | 3 4 5 6 7 9 10 11 12 18 20 | 20.4
Dodging        | 1 3 4 6 7 9 10 | 10.8
Invocations    | 2 4 5 8 10 11 12 | 12.3
Fighting       | 5 8 9 11 12 13 | 13.1
Armour         | 5 8 9 11 12 | 12.9

Action                   |  1- 3 |  4- 6 |  7- 9 | 10-12 | 13-15 || total
-------------------------+-------+-------+-------+-------+-------++-------
Melee: Long sword        |    36 |    16 |       |       |       ||    52
       Scimitar          |       |    24 |    45 |   223 |       ||   292
       Great sword       |       |       |       |     4 |    39 ||    43
Invok: Slouch            |       |       |       |     7 |       ||     7
  Use: Potion            |       |     1 |     4 |     1 |     2 ||     8
Armor: Scale mail        |    14 |     2 |       |       |       ||    16
       Plate armour      |       |     8 |    10 |    45 |     7 ||    70
Dodge: Dodged            |    17 |    10 |    26 |    86 |    22 ||   161
Block: Kite shield       |    21 |    21 |    29 |   142 |    28 ||   241
       Rpst.: Long sword |     4 |     1 |       |       |       ||     5
       Scimitar          |       |     2 |     5 |    14 |       ||    21
       Great sword       |       |       |       |       |     5 ||     5

Table legend: (Time is in decaauts)
 A = Elapsed time spent in this place.
 B = Non-inter-level travel time spent in this place.
 C = Inter-level travel time spent in this place.
 D = Time resting spent in this place.
 E = Time spent auto-exploring this place.
 F = Levels seen in this place.
 G = Mean time per level.
                   A        B        C        D        E       F      G
               +--------+--------+--------+--------+--------+-----+--------+
         Total |   3162 |   3162 |      0 |   1443 |      0 |   1 | 3162.0 |
       Dungeon |   3162 |   3162 |      0 |   1443 |      0 |   1 | 3162.0 |
               +--------+--------+--------+--------+--------+-----+--------+

Top non-repeatable levels by time:
       D: 3162 daAuts
